AoeStats
← Bandolero

Arabia

507855427Analyzed
1v1 RM · 13d ago on Sep 19, 2026· 48m 33s· 2 players
Game mode
Random Map
Map size
Tiny (2 player)
Population
200
Speed
Normal
Resources
Standard
Victory
Conquest
Starting age
Dark Age
Ending age
Imperial Age
RankedLock teamsTeams togetherTeam positionsShared explorationLock speedFull tech treeHidden civsTurbo modeCheats
Victory
Defeat
🇦🇷 Italians · Argentina
1408
+14
🇺🇸 Wei · United States
1370
-14
TyrantT
5:54 Loom
7:08 Loom
9:18 Feudal Age
10:26 Double-Bit Axe
10:22 Horse Collar
12:09 Wheelbarrow
14:31 Fletching
16:53 Gold Mining
21:42 Castle Age
19:50 Stone Mining
23:05 Bow Saw
23:00 Heavy Plow
24:57 Scale Barding Armor
25:19 Husbandry
27:12 Forging
30:08 Town Watch
30:42 Hand Cart
30:14 Town Watch
32:49 Chain Barding Armor
35:07 Imperial Age
33:06 Chain Barding Armor
33:06 Forging
35:01 Bodkin Arrow
34:51 Elite Skirmisher
36:23 Ballistics
37:03 Chemistry
36:48 Theocracy
36:38 Bracer
37:56 Gold Shaft Mining
38:04 Stone Shaft Mining
37:37 Padded Archer Armor
38:45 Tuntian
39:30 Masonry
38:59 Heavy Hei Guang Cavalry
40:37 Capped Ram
42:16 Parthian Tactics
42:28 Siege Ram
43:36 Light Cavalry
44:26 Bloodlines
44:54 Iron Casting
44:35 Leather Archer Armor
44:57 Iron Casting
43:59 Siege Ram
46:04 Murder Holes
Bandolero
7:02 Loom
9:40 Feudal Age
10:11 Double-Bit Axe
12:31 Fletching
21:27 Castle Age
19:58 Scale Barding Armor
19:51 Gold Mining
20:57 Bloodlines
21:52 Forging
24:32 Stone Mining
25:03 Town Watch
27:07 Padded Archer Armor
28:49 Wheelbarrow
29:30 Bodkin Arrow
30:29 Ballistics
30:46 Leather Archer Armor
30:48 Horse Collar
32:16 Bow Saw
36:55 Imperial Age
35:07 Stone Shaft Mining
36:10 Husbandry
35:41 Light Cavalry
37:00 Iron Casting
38:48 Chemistry
38:18 Conscription
38:34 Chain Barding Armor
38:18 Bracer
38:41 Chain Barding Armor
43:53 Blast Furnace
43:42 Hussar
46:38 Capped Ram
Connection lost

Rejoining the realm…

Still unreachable

The connection could not be restored.

Session expired

The server has moved on; the page needs a fresh start.